 Dungeon Crawl Stone Soup version 0.20.1-1-g8b1a95d66d (webtiles) character file.

67 NixNut the Skirmisher (level 4, 0/38 HPs)
             Began as a Human Abyssal Knight on Dec 27, 2017.
             Was a Believer of Lugonu.
             Succumbed to a kobold's poison
             ... on level 2 of the Dungeon.
             The game lasted 00:12:13 (1687 turns).

NixNut the Skirmisher (Human Abyssal Knight)        Turns: 1687, Time: 00:12:14

Health: 0/38       AC:  8    Str: 13    XL:     4   Next: 40%
Magic:  5/5        EV:  6    Int: 13    God:    Lugonu [**....]
Gold:   83         SH:  0    Dex: 12    Spells: 3/3 levels left

rFire    + . .     SeeInvis .   a - +1 spear
rCold    . . .     Gourm    .   (no shield)
rNeg     . . .     Faith    .   k - +0 chain mail
rPois    .         Spirit   .   (no helmet)
rElec    .         Reflect  .   (no cloak)
rCorr    .         Harm     .   (no gloves)
MR       .....                  (no boots)
Stlth    ..........             (no amulet)
Regen    0.2/turn               i - ring of protection from fire
MPRegen  0.1/turn               (no ring)

@: lethally poisoned (0 -> -25)
A: no striking features
a: Depart the Abyss, Bend Space, Renounce Religion


You were on level 2 of the Dungeon.
You worshipped Lugonu.
Lugonu was pleased with you.
You were hungry.

You visited 1 branch of the dungeon, and saw 3 of its levels.
You visited the Abyss 1 time.

You collected 83 gold pieces.

Inventory:

Hand Weapons
 a - a +1 spear (weapon)
Armour
 k - a +0 chain mail (worn)
Jewellery
 i - a ring of protection from fire (left hand)
Wands
 n - a wand of random effects (22/48)
Scrolls
 e - 3 scrolls of identify {unknown}
 j - 2 scrolls of amnesia {unknown}
 l - a scroll of recharging {unknown}
 m - 2 scrolls of remove curse {unknown}
 o - a scroll of fog {unknown}
Potions
 b - a potion of curing {unknown}
 d - a potion of resistance {unknown}
 f - a potion of agility {unknown}
 h - a potion of flight {unknown}
Comestibles
 c - 2 bread rations


   Skills:
 + Level 4.3 Fighting
 + Level 2.8 Polearms
 - Level 2.0 Armour
 - Level 1.0 Dodging
 + Level 0.2 Stealth
 - Level 2.0 Invocations


You had 3 spell levels left.
You didn't know any spells.

Dungeon Overview and Level Annotations

Branches:
Dungeon (3/15)

Altars:
Fedhas
Okawaru


Message History

The poisoned needle closely misses you.
You see here a poisoned needle.
The kobold shoots a poisoned needle.
The poisoned needle hits you!
You are lethally poisoned!
You see here a poisoned needle.
* * * LOW HITPOINT WARNING * * *
You feel sick.
The kobold shoots a poisoned needle.
The poisoned needle hits you!
You are more poisoned.
You see here a poisoned needle.
There is a lethal amount of poison in your body!
You hit the gnoll.
The gnoll is lightly wounded.
* * * LOW HITPOINT WARNING * * *
You feel sick.
The kobold shoots a poisoned needle.
The poisoned needle hits you!
You are more poisoned.
You hit the gnoll but do no damage.
The gnoll is lightly wounded.
You die...

#..........# ###. #..[.......#
###... #..........# #.....
#..........# #.#...
#..........###### #.#...
##...K....###..>#######.....
#...........g)g.............
#.........g###.............#
#..<.......@....[.......##.#
##..........######...........
#...........## ##.##.#..#.#
#............# #.........>#
####.........##.# #.#..####..#
#....##.####.##.# #.g.## ##...
#....##..###.##.# ###...####...#
#....###..##.##.###...####......
#......................g.รท......


You could see a gnoll and a kobold.

Vanquished Creatures
  Terence (D:2)
  An adder (D:2)
  A leopard gecko (D:1)
  3 giant cockroaches
  2 goblins
  3 hobgoblins
  4 jackals (D:2)
  A quokka (D:2)
  2 ball pythons
  3 bats
  2 frilled lizards (D:1)
  6 kobolds
  4 rats
33 creatures vanquished.

Notes
Turn   | Place    | Note
-------+----------+-------------------------------------------
     0 | Abyss:1  | NixNut the Human Abyssal Knight began the quest for the Orb.
     0 | Abyss:1  | Reached XP level 1. HP: 18/18 MP: 2/2
     8 | D:1      | Escaped the Abyss
    88 | D:1      | Reached XP level 2. HP: 23/24 MP: 3/3
   289 | D:1      | Reached ** piety under Lugonu
   375 | D:2      | Found a blossoming altar of Fedhas.
   397 | D:2      | Found an iron altar of Okawaru.
   466 | D:2      | Reached XP level 3. HP: 23/30 MP: 4/4
   758 | D:2      | Noticed Terence
  1031 | D:2      | Killed Terence
  1031 | D:2      | Reached skill level 4 in Fighting
  1031 | D:2      | Reached XP level 4. HP: 31/37 MP: 5/5
  1687 | D:2      | Succumbed to a kobold's poison

Skill      XL: |  1  2  3 |
---------------+----------+-----
Fighting       | 4 |  4.3
Polearms       | |  2.8
Armour         | |  2.0
Dodging        | |  1.0
Stealth        | |  0.2
Invocations    | |  2.0

Action                   |  1- 3 |  4- 6 || total
-------------------------+-------+-------++-------
Melee: Spear             |   120 |    40 ||   160
Invok: Bend Space        |     1 |       ||     1
  Use: Potion            |     1 |       ||     1
  Eat: Royal jelly       |       |     1 ||     1
Armor: Leather armour    |     4 |       ||     4
       Chain mail        |    53 |    23 ||    76
Dodge: Dodged            |    26 |     8 ||    34
